cohdb
Replays
Latest Replays
All Replays
Popular Replays
Top Player Replays
Match Explorer
How It Works
Community
CoH3 Stats
Reddit
Sign in to upload your games and track your stats! →
Sign in with Steam
Match 45449070
Unlisted
Match 45449070
Overview
Messages
Build Orders
End
Selects Battlefield Espionage Battlegroup
Panzerpioneer Squad
Kradschützen Motorcycle Team
Construct Light Support Kompanie
Assault Grenadier Squad
Assault Grenadier Squad
MG34 Team
Fire Support Elements
Pak 38 Anti-tank Gun Team
Pak 38 Mechanized Group
Selects Intel Disruption Beacon
Selects Plunder
Construct Panzerarmee Kommand
MG34 Team
2.5-tonne Medical Truck
Panzer III L Medium Tank
Assault Mechanized Group
Walking Stuka Rocket Launcher
Selects 250/3 Funkpanzerwagen
Selects Advanced Ambush Training
Panzer III L Medium Tank
Selects Operation Skorpion
Emergency Repair Kits
Vehicle Survival Package
Tungsten Core Ammunition
Armored Reserves
Selects Disruption Operation
Operation Skorpion
Tiger Heavy Tank
Disruption Operation
Operation Skorpion
Rapid Advance
Advanced Optics
Disruption Operation
Waffles
S1L
I Wumbo, You Wumbo
Keno
Tiger One
Baci McQueen
Lord's Blade Ciaran
Logibeara
0
0
Comments
sign in to comment!
No comments posted yet!